 Dungeon Crawl Stone Soup version 0.16.1-7-g2c6721e (webtiles) character file.

627 fgsfds the Covered (level 7, 0/61 HPs)
             Began as a Minotaur Fighter on Mar 29, 2015.
             Was a Follower of Okawaru.
             Killed by divine providence
             ... invoked by an orc priest
              (10 damage)
             ... on level 6 of the Dungeon.
             The game lasted 00:34:28 (4615 turns).

fgsfds the Covered (Minotaur Fighter)               Turns: 4615, Time: 00:34:29

Health: 0/61       AC: 12    Str: 22    XL:     7   Next: 23%
Magic:  3/3        EV:  7    Int:  5    God:    Okawaru [*.....]
Gold:   232        SH: 10    Dex: 10    Spells: 0 memorised, 6 levels left

rFire  . . .     SeeInvis .     o - +5 short sword (speed)
rCold  . . .     Clarity  .     x - +2 chain mail
rNeg   . . .     SustAb   .     c - +0 shield
rPois  .         Gourm    .     (helmet restricted)
rElec  .         Spirit   .     (no cloak)
rCorr  .         Warding  .     (no gloves)
rMut   .         Stasis   .     (no boots)
MR     .....                    (no amulet)
Stlth  ..........               (no ring)
                                h - ring of teleport control

@: not resistant to hostile enchantments, extremely unstealthy
A: retaliatory headbutt, horns 2, talons 1
a: Heroism, Renounce Religion, Evoke Teleport Control


You were on level 6 of the Dungeon.
You worshipped Okawaru.
Okawaru was aware of your devotion.
You were not hungry.

You visited 1 branch of the dungeon, and saw 6 of its levels.

You collected 232 gold pieces.

Inventory:

Hand weapons
 a - a +0 long sword
 o - a +5 short sword of speed (weapon)
 r - a +0 spear
 y - a +0 blowgun
Missiles
 j - 12 bolts of frost
 z - 3 poisoned needles
 F - 25 arrows
 G - 2 javelins (quivered)
Armour
 b - a +0 scale mail
 c - a +0 shield (worn)
 q - a +0 pair of gloves
 x - a +2 chain mail (worn)
Jewellery
 h - a ring of teleport control (left hand)
Scrolls
 p - a scroll of enchant weapon
 w - 2 scrolls of remove curse
Potions
 e - a potion of might
 g - a potion of flight {unknown}
 i - a potion of resistance {unknown}
 l - a potion of cure mutation {unknown}
 u - a potion of invisibility {unknown}
 A - a potion of brilliance {unknown}
 E - 2 potions of curing
 H - a potion of berserk rage {unknown}
 I - a potion of haste {unknown}
 L - a potion of lignification {unknown}
 N - a potion of mutation {unknown}
Books
 m - a book of the Warp

   Spells                             Type                      Level
   a - Recall                         Summoning/Translocation      3
   b - Control Teleport               Charms/Translocation         4
   c - Force Lance                    Conjuration/Translocation    4
   d - Phase Shift                    Translocation                5
   e - Warp Weapon                    Charms/Translocation         5
   f - Gell's Gravitas                Hexes/Translocation          5
   g - Summon Forest                  Summoning/Translocation      5
Comestibles
 d - 3 bread rations
 f - 2 meat rations
 k - a beef jerky
 K - 10 fruits


   Skills:
 + Level 5.6 Fighting
 + Level 2.9(3.3) Short Blades
 - Level 2.5(3.3) Long Blades
 + Level 6.0 Armour
 + Level 3.2 Dodging
 + Level 1.0 Stealth
 + Level 5.2 Shields


You had 6 spell levels left.
You didn't know any spells.

Dungeon Overview and Level Annotations

Branches:
Dungeon (6/15)
 Temple: D:4-7

Altars:
Okawaru
Sif Muna
Yredelemnul
Zin

Annotations:
D:5 Menkaure


Innate Abilities, Weirdness & Mutations

You reflexively headbutt those who attack you in melee.
You have a pair of horns on your head.
You have sharp toenails.


Message History

The orc warrior is moderately wounded.
You hit the orc warrior.
The orc warrior is heavily wounded.
The orc warrior hits you but does no damage.
You hit the orc warrior but do no damage.
Your kick misses the orc warrior. Your headbutt misses the orc warrior.
The orc warrior is heavily wounded.
You hit the orc warrior.
You claw the orc warrior, but do no damage.
Your headbutt misses the orc warrior.
The orc warrior is severely wounded.
The orc warrior hits you with a long sword!!
* * * LOW HITPOINT WARNING * * *
Eat which item? (? for menu, Esc to quit)
Okay, then.
The orc priest prays to Beogh.
You feel a wave of unholy energy pass over you.
The orc priest invokes the aid of Beogh against you.
Something smites you!
You die...

#.#.....# #.#.....#
#####.#.....###. ...
..+.......... #.#
#.#<...# #.###.#....##
#.#.........#
#.#.#.#####.#
#@#.#.......#
########.#.############
........o...%.........#
###.......#######..##.#
+.....o.# ##.#
#......o# #.##.
#.......# #..#.#
#.......#.......#.#.###
#.....o.#.......#.#.##.


You could see an orc warrior, an orc priest and 2 orcs.

Vanquished Creatures
  A sky beast (D:3)
  An ogre (D:4)
  A goliath beetle (D:6)
  A crimson imp (D:4)
  An orc priest (D:4)
  2 hounds (D:4)
  3 worker ants (D:4)
  2 orc wizards
  A hound skeleton (D:5)
  4 adders
  A shadow imp (D:3)
  A giant mite (D:2)
  3 worms
  2 giant geckos (D:3)
  7 orcs
  A ball python (D:5)
  3 giant cockroaches
  10 hobgoblins
  3 jackals
  6 kobolds
  2 quokkas (D:2)
  A bat (D:3)
  3 giant newts
  9 goblins
  16 rats
85 creatures vanquished.

Notes
Turn   | Place    | Note
--------------------------------------------------------------
     0 | D:1      | fgsfds, the Minotaur Fighter, began the quest for the Orb.
     0 | D:1      | Reached XP level 1. HP: 19/19 MP: 1/1
   822 | D:1      | Reached XP level 2. HP: 27/27 MP: 1/1
  1124 | D:2      | Reached skill level 4 in Armour
  1291 | D:2      | Found an iron altar of Okawaru.
  1298 | D:2      | Became a worshipper of Warmaster Okawaru
  1415 | D:2      | Found a deep blue altar of Sif Muna.
  1438 | D:2      | Found a basalt altar of Yredelemnul.
  1577 | D:2      | Reached XP level 3. HP: 33/33 MP: 2/2
  1676 | D:2      | Reached skill level 1 in Dodging
  2116 | D:3      | Noticed a sky beast
  2125 | D:3      | Killed a sky beast
  2125 | D:3      | Reached skill level 1 in Short Blades
  2125 | D:3      | Reached XP level 4. HP: 31/41 MP: 2/2
  2125 | D:3      | Reached XP level 5. HP: 35/47 MP: 2/2
  2129 | D:3      | Gained mutation: You have sharp toenails. [mutagenic meat]
  2324 | D:3      | Reached skill level 5 in Armour
  3091 | D:4      | Reached XP level 6. HP: 55/55 MP: 3/3
  3110 | D:4      | Reached skill level 5 in Fighting
  3110 | D:4      | Reached skill level 5 in Shields
  3125 | D:4      | Found a glowing silver altar of Zin.
  3721 | D:4      | Acquired Okawaru's first power
  3873 | D:4      | Reached XP level 7. HP: 61/61 MP: 3/3
  3917 | D:5      | Entered Level 5 of the Dungeon
  4122 | D:5      | Noticed Menkaure
  4131 | D:5      | Reached skill level 1 in Stealth
  4564 | D:6      | Reached skill level 6 in Armour
  4615 | D:6      | Killed from afar by an orc priest

Action                   |  1- 3 |  4- 6 |  7- 9 || total
-------------------------+-------+-------+-------++-------
Melee: Long sword        |    43 |       |       ||    43
       Short sword       |    60 |    91 |    70 ||   221
Throw: Javelin           |       |     4 |     3 ||     7
Invok: Heroism           |       |       |     1 ||     1
  Use: Scroll            |       |    14 |     3 ||    17
  Eat: Chunk             |     4 |     7 |     1 ||    12
       Fruit             |       |       |     2 ||     2
